 Dungeon Crawl Stone Soup version 0.30-a0-341-g682706514a (webtiles) character file.

Game seed: 1457367424529358868

10 funkygono the Conjurer (level 2, -1/7 (17) HPs)
             Began as a Gargoyle Reaver on Nov 2, 2022.
             Frozen to death by an endoplasm (3 damage)
             ... on level 1 of the Dungeon.
             The game lasted 00:00:41 (338 turns).

funkygono the Conjurer (Gargoyle Reaver)             Turns: 338, Time: 00:00:41

HP:   -1/7 (17)     AC:  5    Str: 15    XL:     2   Next: 20%
MP:   4/5           EV: 11    Int: 13    God:
Gold: 0             SH:  0    Dex:  8    Spells: 4/5 levels left

rFire   . . .      SeeInvis .    a - +0 mace
rCold   . . .      Faith    .    (no shield)
rNeg    + + .      Spirit   .    b - +0 leather armour
rPois   ∞          Reflect  .    (no helmet)
rElec   +          Harm     .    (no cloak)
rCorr   .          Rampage  .    (no gloves)
Will    +....                    (no boots)
Stlth   +.........               (no amulet)
HPRegen 0.21/turn                c - ring of willpower
MPRegen 0.09/turn                d - ring of positive energy

@: very slightly contaminated, extremely drained
A: sickness immunity, AC +2, negative energy resistance 1, electricity
resistance, torment resistance 1, petrification resistance
a: no special abilities


You were on level 1 of the Dungeon.
You visited 1 branch of the dungeon, and saw 1 of its levels.

Inventory:

Hand Weapons
 a - a +0 mace (weapon)
Armour
 b - a +0 leather armour (worn)
Jewellery
 c - a ring of willpower (left hand)
 d - a ring of positive energy (right hand)


   Skills:
 + Level 2.1 Fighting
 + Level 3.1 Maces & Flails
 + Level 1.6 Dodging
 + Level 2.1 Spellcasting
 + Level 3.7 Conjurations


You had 4 spell levels left.
You knew the following spells:

 Your Spells              Type           Power      Damage    Failure   Level
a - Kiss of Death         Conj/Necr      24%        2d7       14%         1

Your spell library contained the following spells:

 Spells                   Type           Power      Damage    Failure   Level
 Momentum Strike          Conj/Tloc      12%        3d8       22%         2
 Hailstorm                Conj/Ice       6%         3d4       41%         3


Dungeon Overview and Level Annotations

Branches:
Dungeon (1/15)

Altars:


Innate Abilities, Weirdness & Mutations

You are immune to sickness and miasma.
Your stone body is resilient. (AC +2)
You are immune to poison.
You resist negative energy. (rN+)
You are resistant to electric shocks. (rElec)
You are resistant to unholy torment.
You are immune to petrification.


Message History

Unknown command.
The rat bites you but does no damage.
Casting: Kiss of Death (safe; 14% risk of failure)
Confirm with . or Enter, or press ? or * to list all spells.
Aiming: Kiss of Death (safe; 14% risk of failure)
Press: ? - help, Shift-Dir - straight line, f - rat
Aim: a rat (100% to hit)
The negative energy hits the rat.
The rat is drained!
You kill the rat!
You feel drained.
Unknown command.
Found a ring mail.
d - a ring of positive energy
c - a ring of willpower (left hand)
d - a ring of positive energy (right hand)
A goblin comes into view. It is wielding a +0 club.
The goblin shouts!
You barely miss the goblin. The goblin completely misses you.
You hit the goblin.
You kill the goblin!
You see here a +0 club.
Found a stone staircase leading down.
An endoplasm comes into view.
The endoplasm quivers.
Casting: Kiss of Death (safe; 14% risk of failure)
Confirm with . or Enter, or press ? or * to list all spells.
Aiming: Kiss of Death (safe; 14% risk of failure)
Press: ? - help, Shift-Dir - straight line, f - endoplasm
Aim: an endoplasm (100% to hit)
You miscast Kiss of Death.
You are very lightly contaminated with residual magic.
Nothing appears to happen.
The endoplasm freezes you.
You are frozen.
Ouch! That really hurt!
* * * LOW HITPOINT WARNING * * *
You completely miss the endoplasm. The endoplasm barely misses you.
The endoplasm freezes you.
You are frozen.
You die...

# #. #.#
.>.
#.###.###
###
#.....J.#
#.# #@#
#.# #.#
#.#######
#.#
##.#.....#
#.#
...#.###.#
#.#
.......#)#
#.#
..##.#.#.#
#.#
..##.#.#.#
#.#
..##.#.#.#
#.#


You could see an endoplasm.

Vanquished Creatures
  A bat (D:1)
  2 goblins (D:1)
  A hobgoblin (D:1)
  2 jackals (D:1)
  A frilled lizard (D:1)
  3 rats (D:1)
10 creatures vanquished.

Notes
Turn   | Place    | Note
-------+----------+-------------------------------------------
     0 | D:1      | funkygono the Gargoyle Reaver began the quest for the Orb.
     0 | D:1      | Reached XP level 1. HP: 12/12 MP: 3/3
   197 | D:1      | Reached XP level 2. HP: 11/13 MP: 0/5
   257 | D:1      | Noticed a shining eye
   260 | D:1      | Noticed a floating eye
   263 | D:1      | Found a faded altar of an unknown god.
   265 | D:1      | Noticed a floating eye
   266 | D:1      | Noticed a great orb of eyes
   338 | D:1      | Frozen to death by an endoplasm

Illustrated notes

Levels and vault maps discovered:
D:1:      kilobyte_arrival_exit_the_forest, layout_basic,
          hellmonk_ecumenical_altar_watching_god

Action                   || total
-------------------------++-------
Melee: Mace              ||    16
 Cast: Kiss of Death     ||     4
Armor: Leather armour    ||     7
Dodge: Dodged            ||    11

Table legend: (Time is in decaauts)
 A = Elapsed time spent in this place.
 B = Non-inter-level travel time spent in this place.
 C = Inter-level travel time spent in this place.
 D = Time resting spent in this place.
 E = Time spent auto-exploring this place.
 F = Levels seen in this place.
 G = Mean time per level.
                   A        B        C        D        E       F      G
               +--------+--------+--------+--------+--------+-----+--------+
         Total |    341 |    341 |      0 |      0 |    271 |   1 |  341.0 |
       Dungeon |    341 |    341 |      0 |      0 |    271 |   1 |  341.0 |
               +--------+--------+--------+--------+--------+-----+--------+

Top non-repeatable levels by time:
     D:1: 341 daAuts
